Cogmind - Beta 9.1 @@@ ROGUE MODE // 2019.11.01 @ 21:11:54 Player: moep Result: Smashed by cave-in Performance ------------- Evolutions (0) 0 Regions Visited (1) 200 Robots Destroyed (3) 15 Value Destroyed (135) 135 Prototype IDs (0) 0 Alien Tech Used (0) 0 Bonus (0) 0 TOTAL SCORE: 350 Bonus ------- None Cogmind --------- Core Integrity 0/250 Matter 239/300 Energy 124/125 System Corruption 4% Temperature Cool (226) Location -10/Materials Parts ------- Power (1) Light Ion Engine Propulsion (2) Wheel Utility (2) Large Storage Unit Weapon (2) Mining Laser Mining Laser Inventory (10) EM Pulse Gun Particle Gun Light Assault Rifle Grenade Launcher Mining Laser Peak State ------------ Power Light Ion Engine Propulsion Wheel Wheel Utility Large Storage Unit High-capacity Battery Weapon Particle Gun Grenade Launcher Inventory EM Pulse Gun Light Assault Rifle [Rating: 8] Favorites ----------- Power Light Ion Engine Engine Light Ion Engine Propulsion Wheel Leg Aluminum Leg Wheel Wheel Utility High-capacity Battery Storage High-capacity Battery Weapon Mining Laser Energy Gun Particle Gun Ballistic Gun Light Assault Rifle Launcher Grenade Launcher Special Weapon Mining Laser Build | -11 -10 ------- Run | Scr Mat Slots Evolved . | . . Power . | . . Propulsion . | . . Utility . | . . Weapon . | . . Parts Attached 14 | 7 7 Power 1 | 1 . Engine 1 | 1 . Core . | . . Reactor . | . . Propulsion 4 | 4 . Treads . | . . Leg 2 | 2 . Wheel 2 | 2 . Hover . | . . Flight . | . . Utility 2 | . 2 Device . | . . Storage 2 | . 2 Processor . | . . Hackware . | . . Protection . | . . Artifact . | . . Weapon 7 | 2 5 Energy Gun 2 | 1 1 Energy Cannon . | . . Ballistic Gun 1 | 1 . Ballistic Cannon . | . . Launcher 2 | . 2 Special Weapon 2 | . 2 Impact Weapon . | . . Slashing Weapon . | . . Piercing Weapon . | . . Special Melee Weapon . | . . Unidentified Prototypes . | . . Parts Lost 2 | . 2 Power . | . . Propulsion 1 | . 1 Utility 1 | . 1 Weapon . | . . Highest Loss Streak 2 | . 2 Average Slot Usage (%) 91 | . 91 Engine 14 | . 14 Wheel 28 | . 28 Storage 19 | . 19 Energy Gun 4 | . 4 Ballistic Gun 5 | . 5 Launcher 8 | . 8 Special Weapon 10 | . 10 Naked Turns . | . . Heaviest Build 29 | 6 29 Greatest Support 20 | 20 20 Greatest Overweight (x) 2 | . 2 Average Overweight (x) . | . . Largest Inventory Capacity 10 | 4 10 Average Capacity 6 | 4 7 Most Carried 6 | 2 6 Average Carried 2 | . 2 Final Capacity 10 | 4 10 Final Carried 5 | . 5 Class Distribution -------------------- 100% | Mutant Dominant Class ---------------- Mutant | -10/Materials Resources | -11 -10 ----------- Run | Scr Mat Matter Collected 295 | 274 21 Remotely . | . . Salvage Created 90 | 43 47 Parts 8 | 4 4 Haulers Intercepted . | . . Recyclers Shooed . | . . Parts Field Recycled . | . . Retrieved Matter . | . . Parts Self-Destructed . | . . Prevented . | . . Kills | -11 -10 ------- Run | Scr Mat Combat Hostiles Destroyed 3 | 1 2 Guns 1 | 1 . AOE 2 | . 2 Classes Destroyed 1 | 1 . Grunt 3 | 1 2 Best Kill Streak 2 | 1 2 Combat Bots Only 2 | 1 2 Max Kills in Single Turn 1 | 1 1 Gunslinging . | . . Exploded 1 | . 1 Melee . | . . Uniques/NPCs Destroyed . | . . Combat | -11 -10 -------- Run | Scr Mat Damage Taken 426 | 67 359 Core 262 | 34 228 Absorbed by Shields . | . . Core Remaining (%) 86 | 86 . Volleys Fired 15 | 4 11 Largest 2 | 2 2 Hottest 200 | 60 200 Shots Fired 26 | 8 18 Gun 10 | 8 2 Cannon . | . . Launcher 2 | . 2 Special 14 | . 14 Kinetic 6 | 4 2 Thermal 14 | . 14 Explosive 2 | . 2 Electromagnetic 4 | 4 . Robot Hit Streak 4 | 2 4 Robot Miss Streak 3 | 3 1 Penetration Max . | . . Secondary Targets . | . . Shots Hit Robots 6 | 3 3 Core Hits 8 | 2 6 Critical Hits . | . . Critical Kills . | . . Critical Parts Destroyed . | . . Melee Attacks . | . . Impact . | . . Slashing . | . . Piercing . | . . Sneak Attacks . | . . Combat Hostiles . | . . Follow-up Attacks . | . . Damage Inflicted 251 | 40 211 Guns 46 | 40 6 Cannons . | . . Explosions 205 | . 205 Melee . | . . Ramming . | . . Kinetic 16 | 10 6 Thermal . | . . Explosive 205 | . 205 Electromagnetic 30 | 30 . Impact . | . . Slashing . | . . Piercing . | . . Highest Corruption 4 | . 4 Average Corruption 4 | . 4 Corruption Purged . | . . Effects 1 | . 1 Heat Flow Errors 1 | . 1 Overload Shots . | . . Overflow Damage . | . . Projectiles . | . . Explosions . | . . Melee . | . . Knockbacks . | . . Impact . | . . Kinetic . | . . Secondary . | . . Self-Inflicted Damage 76 | . 76 Shots 1 | . 1 Rammed . | . . Targets Rammed . | . . Kicked . | . . Crushed . | . . Highest Temperature 232 | 44 232 Average Temperature 105 | 25 120 Received Heat Transfer 45 | 36 9 Effects 2 | . 2 Interference 2 | . 2 Siege Activations . | . . Robots Corrupted . | . . Combat Hostiles . | . . Parts Fried . | . . Impact Corruptions . | . . Robots Melted . | . . Combat Hostiles . | . . Parts Melted . | . . Heat Transferred . | . . Parts Sabotaged . | . . Parts Stolen . | . . Parts Stripped . | . . Power Chain Reactions . | . . Missiles Intercepted . | . . Alert | -11 -10 ------- Run | Scr Mat Peak Influence 93 | 20 93 Average Influence 49 | 1 67 Maximum Alert Level . | . . Low Security (%) 100 | . . Level 1 . | . . Level 2 . | . . Level 3 . | . . Level 4 . | . . Level 5 . | . . High Security . | . . Max Security . | . . Squads Dispatched . | . . Investigation . | . . Extermination . | . . Reinforcement . | . . Assault . | . . Garrison . | . . Intercept . | . . Construction Impeded . | . . Haulers Reinforced . | . . Stealth | -11 -10 --------- Run | Scr Mat Distress Signals . | . . Communications Jammed . | . . Distress Signals . | . . Times Spotted 3 | 1 2 Peak Tracking Total 2 | 1 2 Tactical Retreats . | . . Traps | -11 -10 ------- Run | Scr Mat Traps Triggered . | . . Indirectly . | . . Trap Hack Attempts . | . . Triggered . | . . Disarmed . | . . Reprogrammed . | . . Reused . | . . Traps Extracted . | . . Installed . | . . Triggered . | . . Machines | -11 -10 ---------- Run | Scr Mat Machines Disabled 2 | . 2 Max in Single Turn 2 | . 2 Machines Sabotaged . | . . Garrisons Compromised . | . . Overloaded Fab Kills . | . . Fab Network Shutdowns . | . . Hacking | -11 -10 --------- Run | Scr Mat Machines Accessed . | . . Terminals . | . . Fabricators . | . . Repair Stations . | . . Recycling Units . | . . Scanalyzers . | . . Garrison Access . | . . Total Hacks . | . . Successful . | . . Failed . | . . Catastrophic . | . . Database Lockouts . | . . Manual . | . . Terminals . | . . Fabricators . | . . Repair Stations . | . . Recycling Units . | . . Scanalyzers . | . . Garrison Access . | . . Terminal Hacks . | . . Fabricator Hacks . | . . Repair Station Hacks . | . . Recycling Unit Hacks . | . . Scanalyzer . | . . Garrison Access Hacks . | . . Unauthorized Hacks . | . . Terminals . | . . Fabricators . | . . Repair Stations . | . . Recycling Units . | . . Scanalyzers . | . . Garrison Access . | . . Data Cores Recovered . | . . Used . | . . Hacking Detections . | . . Full Trace Events . | . . Feedback Events . | . . Feedback Blocked . | . . Robot Schematics Acquired . | . . Robots Built . | . . Matter . | . . Time . | . . Total Robot Build Rating . | . . Part Schematics Acquired . | . . Parts Built . | . . Matter . | . . Time . | . . Total Part Build Rating . | . . Parts Repaired . | . . Time . | . . Parts Recycled . | . . Recycled Matter . | . . Retrieved Matter . | . . Retrieved Components . | . . Parts Scanalyzed . | . . Part Schematics Acquired . | . . Parts Damaged . | . . Bothacking | -11 -10 ------------ Run | Scr Mat Used RIF Installer . | . . Robots Hacked . | . . Non-combat . | . . Combat . | . . Robot Hacks Applied . | . . Relay Couplers Released . | . . Robots Rewired . | . . Allies Hacked . | . . Hacks Repelled . | . . Allies | -11 -10 -------- Run | Scr Mat Total Allies . | . . Largest Group . | . . Highest-Rated Group . | . . Highest-Rated Ally . | . . Total Orders . | . . Ally Attacks . | . . Total Damage . | . . Kills . | . . Allies Corrupted . | . . Allies Melted . | . . Intel | -11 -10 ------- Run | Scr Mat Robot Analysis Total . | . . Derelict Logs Recovered . | . . Drone Launches . | . . Drone Recoveries . | . . Exploration | -11 -10 ------------- Run | Scr Mat Turns Passed 266 | 74 192 Spaces Moved 203 | 68 135 Core 20 | 20 . Treads . | . . Legs 2 | 2 . Wheels 181 | 46 135 Hover . | . . Flight . | . . Fastest Speed 50 | 50 80 Average Speed 80 | 72 84 Slowest Speed 120 | 120 100 Overloaded Moves . | . . Propulsion Burnouts . | . . Robots Hopped . | . . Cave-ins Triggered 2 | . 2 Exploration Rate (%) 15 | 8 22 Regions Visited 1 Branch Regions . Pre-discovered Areas . | . . Known Exits Taken . | . . Unknown Exits Taken 1 | 1 . Scrap Searched . | . . Spaces Dug 14 | . 14 Terrain Destroyed 45 | . 45 Melee . | . . Projectile 14 | . 14 AOE 31 | . 31 Actions | -11 -10 --------- Run | Scr Mat Total 252 | 84 168 Wait 4 | . 4 Move 200 | 67 133 Hop . | . . Pick Up 7 | 2 5 Fast Attach 9 | 5 4 Attach 5 | 2 3 Detach 7 | 2 5 Swap . | . . Drop 4 | 2 2 Fire 15 | 4 11 Melee . | . . Ram . | . . Kick . | . . Crush . | . . Escape Stasis 1 | . 1 Rewire . | . . Trap . | . . Miscellaneous . | . . Route ------- -11/Scrapyard -10/Materials (discovered 1 exit: [*Min]) History --------- Turn | Location | Event 2 | -11/Scrapyard | Met Revision 17 52 | -11/Scrapyard | Discovered new exit (range 8) 75 | -11/Scrapyard | Entered Materials 165 | -10/Materials | Discovered new exit (range 15) 265 | -10/Materials | Crushed by falling debris 266 | -10/Materials | Core integrity fell below 50% 266 | -10/Materials | Core integrity fell below 20% 267 | -10/Materials | Crushed by falling debris 267 | -10/Materials | Smashed by cave-in Last Messages --------------- 00163_ The unstable cave ceiling collapses. 00165_ EXIT=FOUND 00183_ Acquired Mining Laser. 00194_ Dropped Mining Laser. 00196_ Acquired Mining Laser. 00242_ U-05 Engineer builds a Wall. 00246_ The unstable cave ceiling collapses. 00256_ Overheating: System interference. 00256_ Mining Laser temporarily disabled. 00265_ The unstable cave ceiling collapses. 00265_ Crushed by falling debris. [Achievement: Unlikely Earthworm] 00265_ Hcp. Battery destroyed. 00265_ System corrupted by crushing effect (+2). 00265_ Wheel destroyed. 00265_ System corrupted by crushing effect (+2). 00266_ System corrupted: Heat flow error (+174). 00267_ The unstable cave ceiling collapses. 00267_ Crushed by falling debris. [Achievement: First Step to Greatness] Map ----- +----------------------------------------------------+ | | | | | | | | | | | | | | | | | | | | | | | | | | | | | ?????????????????????????????????????????? | | ?????????????????????????????????????????? | | ?????????????????????????????????????????? | | ?????????????????????????????????????????? | | ?????????????????????????????????????????? | | ?????????????????????????????????????????? | | ????????????????????????????????#####????? | | ???????????????????????????????##"""##???? | | ??????????????????????????????##" "##??? | | ?????????????????????????######"" ""#??? | | ??????????????????????#### # ## #??? | | ??????????????????????# @ ## < #??? | | ??????????????????????## ###### #??? | | ???????????????????????# #????# #??? | | ???????????????????????# #????## ##??? | | ???????????????????????# #?????## ##???? | | ???????????????????????###??????# #????? | | ????????????????????????????????# #????? | | ????????????????????????????????# #????? | | ???????????????????????????????## ##???? | | ???????????????????????????????# #???? | | ???????????????????????????????# #???? | | ???????????????????????????????# #???? | | ???????????????????????????????# #???? | | ?????????????????####??????????# #???? | | ????????????????? "?????????### ###???? | | ?????????????????? ???????????# #?????? | | ??????????????????? ??????????# #?????? | | ?????????????????? ?????????# #?????? | | ?????????????????? """ ?###????# #?????? | | ????????????????# """ ## ######/#?????? | | ????????????????# """ ##????? | | ????????????????# #????? | | ????????????????######+### #????? | | ????????????????# # #????? | | ????????????????# / #???? | +----------------------------------------------------+ Best States ------------- Heat Dissipation 25 Energy Generation 10 Energy Capacity 525 Matter Stores 300 Matter Capacity 300 Sight Range 16 Terrain Scan Density 10 Evasion (%) 50 Item Schematics ----------------- None Robot Schematics ------------------ None Fabricated ------------ Nothing Alien Tech Used ----------------- None Achievements -------------- Crack Shot First Step to Greatness Uninvited Guest Unlikely Earthworm Challenges ------------ None Game ------ Seed DiametricMediumShredder Manual? 0 Play Time 00:09:30 Cumulative 1.9 hours Start 2019.11.01 @ 21:01:55 End 2019.11.01 @ 21:11:54 Sessions 1 Manual Loads 0 Difficulty Rogue Special Mode None Game No. 7 Rogue 7 Adventurer 0 Explorer 0 Win Type - Total 0 Types 0/0/0/0/0/0/0 Lore% 1 Gallery% 5 Achievement% 1 Wizard Run 0 Options --------- ASCII 0 Keyboard 1 Movement Vi Keybinds 0 Fullscreen 1 Font 24/Proggy Map View 76x50 Tactical HUD 1 Map Filters NONE Filters NONE Steam 1 RUN: d6a76f6a-efef-4841-aaf8-104063ce0755